 Dungeon Crawl Stone Soup version 0.27-a0-1290-g15d3ce7508 (webtiles) character file.

Game seed: 9327683775236000816

6 27snakeeyes612 the Skirmisher (level 1, -4/11 HPs)
             Began as a Vine Stalker Fighter on June 15, 2021.
             Killed by nerve-wracking pain
             ... invoked by Jessica
              (7 damage)
             ... on level 2 of the Dungeon.
             The game lasted 00:00:11 (299 turns).

27snakeeyes612 the Skirmisher (Vine Stalker Fighter) Turns: 299, Time: 00:00:12

Health: -4/11      AC:  6    Str: 18    XL:     1   Next: 90%
Magic:  0/2        EV:  7    Int:  8    God:
Gold:   11         SH:  9    Dex: 13    Spells: 0/0 levels left

rFire    . . .     SeeInvis .   a - +0 flail
rCold    . . .     Faith    .   c - +0 kite shield
rNeg     . . .     Spirit   +   b - +0 scale mail
rPois    .         Reflect  .   (no helmet)
rElec    .         Harm     .   (no cloak)
rCorr    .         Rampage  .   (no gloves)
Will     .....                  (no boots)
Stlth    ..........             (no amulet)
HPRegen  0.03/turn              e - ring of wizardry
MPRegen  0.08/turn              (no ring)

@: no status effects
A: fangs 2, magic shield, antimagic bite, no potion heal 2
a: no special abilities


You were on level 2 of the Dungeon.
You visited 1 branch of the dungeon, and saw 2 of its levels.

You collected 11 gold pieces.

Inventory:

Hand Weapons
 a - a +0 flail (weapon)
Armour
 b - a +0 scale mail (worn)
 c - a +0 kite shield (worn)
Jewellery
 e - a ring of wizardry (left hand)
Scrolls
 f - a scroll of amnesia {unknown}
 g - a scroll of identify {unknown}
Potions
 d - a potion of might


   Skills:
 + Level 2.8 Fighting
 + Level 1.8 Maces & Flails
 + Level 2.5 Armour
 + Level 2.8 Shields


You couldn't memorise any spells.
You didn't know any spells.
Your spell library was empty.

Dungeon Overview and Level Annotations

Branches:
Dungeon (1/15)

Altars:

Shops:
D:1 !

Annotations:
D:2 Jessica


Innate Abilities, Weirdness & Mutations

You have extremely sharp teeth.
When hurt, damage is shared between your health and your magic reserves.
Your bite disrupts and absorbs the magic of your enemies.
Potions cannot restore your health.


Message History

Found 11 gold pieces.
Jessica the Apprentice Sorceress comes into view.
She is wielding a +0 dagger.
You closely miss the goblin. You bite the goblin, but do no damage.
The goblin hits you but does no damage.
Jessica gestures wildly while chanting.
Jessica seems to speed up.
You closely miss the goblin. Your bite misses the goblin.
The frilled lizard bites you but does no damage.
You block the goblin's attack.
The frilled lizard bites you but does no damage.
The rat bites you but does no damage.
Your shield and scale mail prevent you from hitting the rat.
Your bite misses the rat. The goblin hits you with a +0 dagger.
The rat barely misses you.
The frilled lizard bites you but does no damage.
The goblin hits you but does no damage.
You hit the rat but do no damage. The rat barely misses you.
You block the frilled lizard's attack. You block the goblin's attack.
You block the frilled lizard's attack. The rat barely misses you.
Jessica hits you with a +0 dagger. The goblin hits you with a +0 dagger.
* * * LOW HITPOINT WARNING * * *
You are too injured to fight recklessly!
You are too injured to fight recklessly!
You are too injured to fight recklessly!
You are too injured to fight recklessly!
You are too injured to fight recklessly!
You are too injured to fight recklessly!
You are too injured to fight recklessly!
You are too injured to fight recklessly!
You are too injured to fight recklessly!
You are too injured to fight recklessly!
You are too injured to fight recklessly!
You are too injured to fight recklessly!
You are too injured to fight recklessly!
You block the frilled lizard's attack. The goblin hits you but does no damage.
The rat bites you but does no damage. Jessica gestures at you while chanting.
Pain shoots through your body!
Ouch! That really hurt!
You die...

###+####
###......#
........+
#......#
#......#
#.r@...####
##.g@l...$..
#...........
#.....#.....
#.....#.....
####### ....
... ...


You could see Jessica (fast), a goblin, a frilled lizard and a rat.

Vanquished Creatures
  A dart slug (D:1)
  An endoplasm (D:1)
  A kobold (D:1)
  A ball python (D:1)
4 creatures vanquished.

Notes
Turn   | Place    | Note
-------+----------+-------------------------------------------
     0 | D:1      | 27snakeeyes612 the Vine Stalker Fighter began the quest for
                  | the Orb.
     0 | D:1      | Reached XP level 1. HP: 11/11 MP: 2/2
    91 | D:1      | Found a faded altar of an unknown god.
   287 | D:1      | Found Gifuog's Distillery.
   291 | D:1      | You fall into a shaft and drop 1 floor!
   293 | D:2      | Noticed Jessica
   299 | D:2      | Killed from afar by Jessica

Illustrated notes

Levels and vault maps discovered:
D:1:      minmay_arrival_hallway, layout_loops_ring, serial_shops,
          nicolae_shop_behind_doors, shapermc_ecumenical_altar_gd
D:2:      layout_basic, uniq_natasha, uniq_jessica

Action                   || total
-------------------------++-------
Melee: Flail             ||    13
       Bite              ||     3
Armor: Scale mail        ||    15
Dodge: Dodged            ||     6
Block: Kite shield       ||     8

Table legend: (Time is in decaauts)
 A = Elapsed time spent in this place.
 B = Non-inter-level travel time spent in this place.
 C = Inter-level travel time spent in this place.
 D = Time resting spent in this place.
 E = Time spent auto-exploring this place.
 F = Levels seen in this place.
 G = Mean time per level.
                   A        B        C        D        E       F      G
               +--------+--------+--------+--------+--------+-----+--------+
         Total |    305 |    305 |      0 |      0 |    264 |   2 |  152.5 |
       Dungeon |    305 |    305 |      0 |      0 |    264 |   2 |  152.5 |
               +--------+--------+--------+--------+--------+-----+--------+

Top non-repeatable levels by time:
     D:1: 295 daAuts
     D:2: 9 daAuts
